 Dungeon Crawl Stone Soup version 0.26-a0-649-gf8c6c3aab7 (webtiles) character file.

Game seed: 1275012768704895209

33 DogServant the Covered (level 3, 23/23 HPs)
             Began as a Tengu Fighter on Sept 26, 2020.
             Quit the game on level 2 of the Dungeon.
             The game lasted 00:01:13 (834 turns).

DogServant the Covered (Tengu Fighter)               Turns: 834, Time: 00:01:14

Health: 23/23      AC:  7    Str: 16    XL:     3   Next: 29%
Magic:  4/4        EV:  7    Int:  9    God:
Gold:   89         SH:  9    Dex: 13    Spells: 2/2 levels left

rFire    . . .     SeeInvis .   a - +0 long sword
rCold    . . .     Faith    .   c - +0 kite shield
rNeg     . . .     Spirit   .   b - +0 scale mail
rPois    .         Reflect  .   (helmet restricted)
rElec    .         Harm     .   (no cloak)
rCorr    .         Rampage  .   (no gloves)
MR       .....                  (boots unavailable)
Stlth    ..........             (no amulet)
HPRegen  0.07/turn              (no ring)
MPRegen  0.09/turn              (no ring)

@: no status effects
A: beak, talons 3
a: no special abilities


You were on level 2 of the Dungeon.
You visited 1 branch of the dungeon, and saw 2 of its levels.

You collected 89 gold pieces.

Inventory:

Hand Weapons
 a - a +0 long sword (weapon)
Armour
 b - a +0 scale mail (worn)
 c - a +0 kite shield (worn)
Jewellery
 f - an uncursed amulet of guardian spirit {unknown}
Scrolls
 e - a scroll of noise {unknown}
 g - a scroll of fear {unknown}
 i - a scroll of blinking {unknown}
 j - a scroll of remove curse {unknown}
 k - 3 scrolls of identify {unknown}
Potions
 d - a potion of might
 h - 2 potions of curing {unknown}
 l - a potion of haste {unknown}
 m - a potion of mutation {unknown}


   Skills:
 + Level 3.3 Fighting
 + Level 2.3 Long Blades
 + Level 4.0 Armour
 + Level 3.3 Shields


You had 2 spell levels left.
You didn't know any spells.
Your spell library was empty.

Dungeon Overview and Level Annotations

Branches:
Dungeon (2/15)

Altars:


Innate Abilities, Weirdness & Mutations

You have a beak for a mouth.
You have claws for feet.


Message History

You see here 17 arrows.
Found a stone staircase leading down.
Found a leather armour.
A kobold comes into view. It is wielding a +0 whip.
A kobold is nearby!
You hit the kobold.
You kill the kobold!
No target in view!
Things that are here:
a +0 whip; a kobold corpse A ball python and a rat come into view.
The ball python hisses angrily.
There are monsters nearby!
You closely miss the ball python. You claw the ball python.
You kill the ball python!
You see here a ball python corpse.
You hit the rat.
You kill the rat!
No target in view!
Are you sure you want to abandon this character and quit the game? (Confirm with "yes".)

## ##### ... ......#####
.... .......<..######### #.
#..# #####.###.......... #.
..# # # ###.###.### #.#.
#.#####.### #.# #<# ###..#
#........###.# #.#
.....#####.†@......##.# #(#
#......#..♣....#..##.###.###
#..#.....♣♣..♣....##....)...
#..##)♣♣.♣♣♣♣..♣..######...#
#..##.♣♣♣♣ ..♣ .# ###.#
#.....♣ ♣♣.. # #.# #.###..♣
♣.. #.# ##.###..♣ .. #.#
#####...##.♣♣ .. #####.#


There were no monsters in sight!

Vanquished Creatures
  2 ball pythons
  4 bats (D:1)
  2 goblins
  5 hobgoblins (D:1)
  3 jackals (D:1)
  A frilled lizard (D:2)
  8 kobolds
  8 rats
33 creatures vanquished.

Notes
Turn   | Place    | Note
-------+----------+-------------------------------------------
     0 | D:1      | DogServant the Tengu Fighter began the quest for the Orb.
     0 | D:1      | Reached XP level 1. HP: 14/14 MP: 2/2
    75 | D:1      | Reached XP level 2. HP: 16/19 MP: 3/3
   481 | D:1      | Reached XP level 3. HP: 23/23 MP: 4/4
   801 | D:2      | Reached skill level 4 in Armour
   834 | D:2      | Quit the game

Illustrated notes

Levels and vault maps discovered:
D:1:      minmay_arrival_nine_rooms, layout_rooms
D:2:      layout_loops_ring, chequers_ecumenical_altar_grove

Skill      XL: |  1  2  3 |
---------------+----------+-----
Armour         | 4 |  4.0
Fighting       | |  3.3
Long Blades    | |  2.3
Shields        | |  3.3

Action                   || total
-------------------------++-------
Melee: Long sword        ||    57
       Kick              ||    10
       Peck              ||     7
Armor: Scale mail        ||    34
Dodge: Dodged            ||    14
Block: Kite shield       ||    37
       Rpst.: Long sword ||     3

Table legend: (Time is in decaauts)
 A = Elapsed time spent in this place.
 B = Non-inter-level travel time spent in this place.
 C = Inter-level travel time spent in this place.
 D = Time resting spent in this place.
 E = Time spent auto-exploring this place.
 F = Levels seen in this place.
 G = Mean time per level.
                   A        B        C        D        E       F      G
               +--------+--------+--------+--------+--------+-----+--------+
         Total |    856 |    820 |     36 |      0 |    636 |   2 |  428.0 |
       Dungeon |    856 |    820 |     36 |      0 |    636 |   2 |  428.0 |
               +--------+--------+--------+--------+--------+-----+--------+

Top non-repeatable levels by time:
     D:1: 562 daAuts
     D:2: 294 daAuts
